[Event "Late-Titled-Tuesday-Blitz-May-28-2024"]
[Site "Chess.com"]
[Date "2024.05.28"]
[Round "7"]
[White "HajiyevKanan"]
[Black "norwaytoadog"]
[Result "1-0"]
[WhiteElo "2473"]
[BlackElo "2317"]
[TimeControl "180+1"]
[EndTime "15:16:36 PDT"]
[Termination "HajiyevKanan won on time"]

1. d4 Nf6 2. Nf3 e6 3. e3 d5 4. Be2 c5 5. O-O Nc6 6. b3 Be7 7. Bb2 O-O 8. c4 a6 9. dxc5 Bxc5 10. Nc3 dxc4 11. bxc4 Qe7 12. Rb1 Rd8 13. Qc2 e5 14. Rfd1 Bg4 15. h3 Bh5 16. Nd5 Nxd5 17. cxd5 Nb4 18. Qb3 Bg6 19. Rbc1 a5 20. Nxe5 Bd6 21.
Nc4 Na6 22. Nxd6 Qxd6 23. Qc3 f6 24. Qxa5 Nb4 25. Qc7 Rxa2 26. Qxd6 Rxd6 27. Rc8+ Kf7 28. Bc3 Nxd5 29. Bc4 Ke6 30. Bxa2 1-0

[Event "Late-Titled-Tuesday-Blitz-May-28-2024"]
[Site "Chess.com"]
[Date "2024.05.28"]
[Round "7"]
[White "OIAM03"]
[Black "probablybad04"]
[Result "0-1"]
[WhiteElo "2021"]
[BlackElo "2434"]
[TimeControl "180+1"]
[EndTime "15:16:36 PDT"]
[Termination "probablybad04 won on time"]

1. e4 g6 2. d4 Bg7 3. c4 c5 4. Nf3 cxd4 5. Nxd4 Nc6 6. Be3 d6 7. Nc3 Nf6 8. Be2 O-O 9. O-O Bd7 10. Nc2 a6 11. Rc1 Rb8 12. b3 b5 13. cxb5 axb5 14. Nxb5 Nxe4 15. Ncd4 Nxd4 16. Nxd4 Qa5 17. Qd3 Nc5 18. Qc2 e5 19. Nf3 Bf5 20. Qd2 Qa3 21.
Bxc5 dxc5 22. Bc4 Rfd8 23. Qe2 Ra8 24. Nxe5 Rf8 25. Bxf7+ Rxf7 26. Nxf7 Kxf7 27. Rfe1 Bf6 28. Qc4+ Kg7 29. Qxc5 Qxc5 30. Rxc5 Rxa2 31. Rc7+ Kh6 32. g3 Bd4 33. Rf1 Bh3 34. b4 Bxf1 35. Kxf1 Rxf2+ 36.
Ke1 Rxh2 37. b5 Rb2 38. Rd7 Be5 39. Rd5 Bxg3+ 40. Kf1 Bf4 0-1

[Event "Late-Titled-Tuesday-Blitz-May-28-2024"]
[Site "Chess.com"]
[Date "2024.05.28"]
[Round "7"]
[White "jup1978"]
[Black "Ramosha"]
[Result "0-1"]
[WhiteElo "2435"]
[BlackElo "2571"]
[TimeControl "180+1"]
[EndTime "15:16:39 PDT"]
[Termination "Ramosha won by resignation"]

1. e4 c6 2. d4 d5 3. e5 Bf5 4. Bd3 Bxd3 5. Qxd3 e6 6. c3 c5 7. Ne2 Nc6 8. O-O Qb6 9. a3 cxd4 10. cxd4 Nge7 11.
b4 Nf5 12. Bb2 Be7 13. Nd2 f6 14. g4 Nh4 15. exf6 Bxf6 16. Qg3 Ng6 17. g5 Be7 18. h4 h5 19. Nf4 Bd6 20. Nxd5 Qd8 21. Qe3 Bh2+ 22.
Kxh2 Qxd5 23. Qe4 Qxe4 24. Nxe4 O-O 25. Kg3 Rf4 26. f3 Raf8 27. Nc5 Rxh4 28. Nxe6 Rf5 29. Rad1 Nce7 30. Rfe1 Nd5 31. Nc5 Rxg5+ 32. Kf2 Ngf4 33. Rg1 Rh2+ 34. Kf1 Rxg1+ 35. Kxg1 Rxb2 36. Nxb7 Rb3 37. Rc1 Rxa3 38. Nd6 Rxf3 39. Rc8+ Kh7 40. Nf7 Rg3+ 41.
Kh2 Rg2+ 42. Kh1 Ne3 43. Ng5+ Rxg5 44. Rc5 Rxc5 45. bxc5 Nfd5 46. c6 Nc7 47. Kh2 Ned5 48. Kh3 g5 49. Kg3 Kg6 50. Kh2 Kf5 51. Kg1 a5 52. Kg2 Ke4 53. Kf2 g4 54. Ke2 h4 55.
Kd2 Kxd4 56. Ke2 Kc5 57. Kf2 Kxc6 58. Kg2 Kc5 59. Kf2 Kd4 60. Kg2 Ne6 0-1

[Event "Late-Titled-Tuesday-Blitz-May-28-2024"]
[Site "Chess.com"]
[Date "2024.05.28"]
[Round "7"]
[White "JaackCamel"]
[Black "boguszp"]
[Result "1-0"]
[WhiteElo "2239"]
[BlackElo "2022"]
[TimeControl "180+1"]
[EndTime "15:16:39 PDT"]
[Termination "JaackCamel won on time"]

1. d4 d5 2. c4 c6 3. cxd5 cxd5 4. Bf4 Nc6 5. e3 a6 6. Nc3 Nf6 7. Bd3 e6 8. h3 Bd6 9. Bxd6 Qxd6 10. f4 O-O 11.
Nf3 Ne4 12. Nxe4 dxe4 13. Bxe4 Qb4+ 14. Qd2 Qb5 15. Bd3 Qb6 16. O-O Nb4 17. Be4 Bd7 18. a3 Nd5 19. Ne5 Bb5 20. Rfc1 Rac8 21. Bd3 Bxd3 22. Qxd3 Qxb2 23. Rcb1 Qc3 24. Qxc3 Rxc3 25. Rxb7 Rxe3 26. Nd7 Rd8 27. Kf2 Rd3 28. Ne5 Rxd4 29. Nc6 Rxf4+ 30. Kg3 Rc8 31. Ne7+ Nxe7 32. Kxf4 Nd5+ 33.
Ke5 g6 34. Rab1 Kg7 35. Ra7 1-0

[Event "Late-Titled-Tuesday-Blitz-May-28-2024"]
[Site "Chess.com"]
[Date "2024.05.28"]
[Round "7"]
[White "Beaterawn"]
[Black "atalz0"]
[Result "0-1"]
[WhiteElo "2365"]
[BlackElo "2499"]
[TimeControl "180+1"]
[EndTime "15:16:42 PDT"]
[Termination "atalz0 won on time"]

1. e4 d5 2. exd5 Nf6 3. d4 Nxd5 4. Nf3 Bg4 5. Be2 Nc6 6. h3 Bh5 7. c4 Nb6 8. Be3 e6 9. Nc3 Bxf3 10. Bxf3 Nxc4 11. Qa4 Nb6 12. Bxc6+ bxc6 13. Qxc6+ Qd7 14. Qxd7+ Kxd7 15. Rc1 Bd6 16. Nb5 Nd5 17. b3 Rhb8 18.
Nxd6 cxd6 19. Bd2 a5 20. Ke2 a4 21. bxa4 Rxa4 22. Rc2 Rxd4 23. Rhc1 Re4+ 24. Kf3 Ra4 25.
Be3 Rba8 26. Rb1 Rb4 27. Rxb4 Nxb4 28. Rb2 Nxa2 29. Rb7+ Ke8 30. Bf4 Ra6 31. Bg5 f6 32. Be3 Kf8 33. Bd2 d5 34. Rb3 Kf7 35. Ke2 e5 36. Kd1 d4 0-1

[Event "Late-Titled-Tuesday-Blitz-May-28-2024"]
[Site "Chess.com"]
[Date "2024.05.28"]
[Round "7"]
[White "GoValya"]
[Black "th3d4rkness"]
[Result "0-1"]
[WhiteElo "2214"]
[BlackElo "2172"]
[TimeControl "180+1"]
[EndTime "15:16:43 PDT"]
[Termination "th3d4rkness won on time"]

1. Nf3 Nf6 2. g3 g6 3. Bg2 Bg7 4. O-O O-O 5. d4 d6 6. c4 Nc6 7. Nc3 Bf5 8. a3 Ne4 9. Nh4 Nxc3 10. bxc3 Bd7 11. Rb1 Rb8 12. Qd3 e5 13. e4 exd4 14.
cxd4 Nxd4 15. Be3 Nc6 16. f4 b6 17. Nf3 Na5 18. Nd4 Nb7 19. f5 Nc5 20. Qc2 Re8 21. h4 Ba4 22. Qf2 Nxe4 23. Bxe4 Rxe4 24. fxg6 fxg6 25. Qf7+ Kh8 26. Ne6 Qg8 27. Qxg8+ Kxg8 28. Nxg7 Rxe3 29. Rbe1 Rxe1 30. Rxe1 Kxg7 31. Re7+ Kh6 32. Rxc7 a6 33. g4 g5 34. h5 b5 35. Rd7 Rb6 36.
cxb5 Bxb5 37. Rf7 d5 38. Kg2 Rd6 39. Kf3 Rd7 40. Rf6+ Kg7 41. Rb6 d4 42. h6+ Kf7 43. Rb8 d3 44. Rh8 Kg6 45. Rg8+ Kxh6 0-1

[Event "Late-Titled-Tuesday-Blitz-May-28-2024"]
[Site "Chess.com"]
[Date "2024.05.28"]
[Round "7"]
[White "CheckBits"]
[Black "maximnovik"]
[Result "0-1"]
[WhiteElo "2400"]
[BlackElo "2554"]
[TimeControl "180+1"]
[EndTime "15:16:46 PDT"]
[Termination "maximnovik won on time"]

1. e4 e5 2. Bc4 Nc6 3. d3 Bc5 4. Nf3 Nf6 5. O-O d6 6. c3 a6 7. a4 Ba7 8. Nbd2 O-O 9. h3 Be6 10. Re1 h6 11. a5 Qd7 12. b4 d5 13. Bb3 d4 14. cxd4 Nxd4 15. Nxe5 Qd6 16. Nec4 Qd7 17. Bb2 Rad8 18. Ba2 Bxh3 19. e5 Bg4 20. Qc1 Nh5 21. Ne4 Ne2+ 22. Rxe2 Bxe2 23. Nc5 Bxc5 24. bxc5 Qxd3 25. e6 fxe6 26. Ne5 Qd1+ 27. Kh2 Rf6 0-1

[Event "Late-Titled-Tuesday-Blitz-May-28-2024"]
[Site "Chess.com"]
[Date "2024.05.28"]
[Round "7"]
[White "ritanovikova"]
[Black "Denmark2015"]
[Result "0-1"]
[WhiteElo "2166"]
[BlackElo "2551"]
[TimeControl "180+1"]
[EndTime "15:16:47 PDT"]
[Termination "Denmark2015 won by checkmate"]

1. e4 e6 2. d4 d5 3. exd5 exd5 4.
Bd3 c5 5. dxc5 Bxc5 6. Nf3 Nf6 7. O-O O-O 8. Bg5 Be6 9. Nbd2 Bb6 10. Nb3 Nc6 11.
a4 a6 12. c3 h6 13. Bh4 g5 14. Bg3 Ne4 15. Ne5 Qf6 16. Nxc6 bxc6 17. Qe2 Bf5 18. Nd2 Rfe8 19. Nxe4 Bxe4 20. Bxe4 Rxe4 21. Qd2 h5 22. Kh1 h4 23. f3 Re6 24. Bf2 Bc7 25. Bd4 Qg6 26. Be3 f6 27. f4 gxf4 28. Bxf4 Bb6 29. Rae1 Rae8 30. Rxe6 Rxe6 31. Re1 Re4 32.
g3 h3 33. Re2 Rxf4 34. gxf4 Qg1# 0-1

[Event "Late-Titled-Tuesday-Blitz-May-28-2024"]
[Site "Chess.com"]
[Date "2024.05.28"]
[Round "7"]
[White "N_Mullodzhanov"]
[Black "rionelG"]
[Result "1-0"]
[WhiteElo "2490"]
[BlackElo "2296"]
[TimeControl "180+1"]
[EndTime "15:16:52 PDT"]
[Termination "N_Mullodzhanov won by checkmate"]

1. e4 c5 2. c3 Nf6 3. e5 Nd5 4. Nf3 Nc6 5. Bc4 Nb6 6. Bb3 c4 7. Bc2 d6 8. exd6 e6 9. O-O Bxd6 10. b3 O-O 11. Na3 cxb3 12. axb3 e5 13. d4 exd4 14. Bxh7+ Kxh7 15. Ng5+ Kg6 16. h4 Rh8 17. g4 Ne5 18. h5+ Kf6 19. Qxd4 Bxg4 20. f4 Ke7 21. fxe5 Bxh5 22.
Nxf7 Bxf7 23. Bg5+ Ke6 24. Qg4+ Kd5 25. Rad1+ Kc6 26.
Bxd8 Bc5+ 27. Kg2 Bd5+ 28. Rxd5 Nxd5 29. Qe6+ Bd6 30. Qxd6# 1-0

[Event "Late-Titled-Tuesday-Blitz-May-28-2024"]
[Site "Chess.com"]
[Date "2024.05.28"]
[Round "7"]
[White "Hakiki_satranc"]
[Black "simaopdias"]
[Result "1-0"]
[WhiteElo "2408"]
[BlackElo "2252"]
[TimeControl "180+1"]
[EndTime "15:16:54 PDT"]
[Termination "Hakiki_satranc won by resignation"]

1. e4 c5 2. Nf3 g6 3. c3 Bg7 4.
Bc4 e6 5. O-O Ne7 6. d4 cxd4 7.
cxd4 d5 8. Bb5+ Bd7 9. Bxd7+ Qxd7 10. Nc3 O-O 11. e5 Nbc6 12. Bg5 f6 13. exf6 Bxf6 14. Bh6 Rf7 15. Re1 Nf5 16. Be3 Nxe3 17. Rxe3 Raf8 18. Qd3 Bg7 19. Rae1 Rxf3 20. Rxf3 Nxd4 21. Rxf8+ Kxf8 22.
h4 Kg8 23. h5 gxh5 24. Qh3 Qf7 25. Ne2 Nf5 26. Nf4 e5 27. Nxd5 Qxd5 28. Qxf5 Qxa2 29.
Qc8+ Kf7 30. Qxb7+ Kg6 31. Qc6+ Kf7 32. Rd1 Bf6 33. Qd5+ Qxd5 34. Rxd5 Ke6 35. Ra5 e4 36. Rxa7 Bxb2 37. Rxh7 Kf6 38. Rxh5 Bc1 39. Rh3 Kf5 40. Kf1 Kf4 41. Ke2 Bb2 42. Rb3 Bd4 43. Rb4 Bc3 44.
Rc4 Be5 45. f3 Kg3 46. Rxe4 Bb2 47. Rg4+ 1-0

[Event "Late-Titled-Tuesday-Blitz-May-28-2024"]
[Site "Chess.com"]
[Date "2024.05.28"]
[Round "7"]
[White "rasmussvane"]
[Black "swayamsm"]
[Result "1-0"]
[WhiteElo "2931"]
[BlackElo "2576"]
[TimeControl "180+1"]
[EndTime "15:16:55 PDT"]
[Termination "rasmussvane won by resignation"]

1. Nf3 Nf6 2. g3 b6 3. Bg2 Bb7 4.
O-O c5 5. c4 g6 6. Nc3 Bg7 7. d4 cxd4 8. Qxd4 Nc6 9. Qf4 h6 10.
Rd1 Rc8 11. Rb1 Na5 12. b3 g5 13. Qd2 Ne4 14. Nxe4 Bxe4 15. Bb2 Bxb2 16. Qxb2 O-O 17.
Rbc1 d6 18. h4 f6 19. hxg5 hxg5 20. Nh2 Bxg2 21. Kxg2 Qd7 22. Qd4 Nc6 23. Qd5+ Kg7 24. Rh1 Rh8 25. Nf3 Ne5 26. Nd4 Rcg8 27. Ne6+ Kg6 28.
Rxh8 Rxh8 29. f4 gxf4 30. gxf4 Ng4 31. f5+ Kf7 32. Ng5+ Ke8 33. Qa8+ Qd8 34. Qxd8+ Kxd8 35. Nf7+ Kd7 36. Nxh8 Ne3+ 37. Kf3 Nxf5 38. e3 Ke6 39. Ng6 1-0

[Event "Late-Titled-Tuesday-Blitz-May-28-2024"]
[Site "Chess.com"]
[Date "2024.05.28"]
[Round "7"]
[White "nocnypako"]
[Black "Orest_Vovk"]
[Result "1-0"]
[WhiteElo "2691"]
[BlackElo "2509"]
[TimeControl "180+1"]
[EndTime "15:16:55 PDT"]
[Termination "nocnypako won on time"]

1. d4 h6 2. e4 g5 3. f4 g4 4. f5 Bg7 5. Nc3 c5 6. Be3 cxd4 7.
Bxd4 Bxd4 8. Qxd4 Nf6 9. e5 Nc6 10.
Qf4 Qc7 11. Nb5 Qxe5+ 12. Qxe5 Nxe5 13. Nc7+ Kd8 14. Nxa8 d6 15. O-O-O Bxf5 16. Ne2 Kc8 17. Nd4 Bd7 18. Bb5 Be6 19. Rhe1 Kb8 20. Ba4 Kxa8 21.
Bb3 Bxb3 22. axb3 h5 23. Nf5 Re8 24. Nxd6 exd6 25. Rxd6 Ng8 26. Rxe5 Rc8 27. Rxh5 Ne7 28. Rh7 a6 29. Rxf7 Nc6 30. Rdf6 Ka7 31. Rf8 Rc7 32. R6f7 1-0

[Event "Late-Titled-Tuesday-Blitz-May-28-2024"]
[Site "Chess.com"]
[Date "2024.05.28"]
[Round "7"]
[White "HowTo2Draw"]
[Black "GMG"]
[Result "1-0"]
[WhiteElo "2609"]
[BlackElo "2801"]
[TimeControl "180+1"]
[EndTime "15:16:57 PDT"]
[Termination "HowTo2Draw won by resignation"]

1. c4 e5 2. Nc3 Bb4 3. e4 Nc6 4. Bd3 d6 5. Nge2 Qg5 6. O-O Nge7 7. Bc2 Qh4 8. Nd5 Ba5 9. d4 O-O 10. Be3 h6 11. a3 exd4 12. Nxd4 Nxd5 13. cxd5 Nxd4 14.
Bxd4 f5 15. e5 dxe5 16. Bxe5 Bb6 17. Qd3 Bd7 18. Kh1 Rae8 19. f4 a6 20. a4 a5 21. Bb3 Kh7 22. Rac1 Rc8 23. Rc3 c6 24. d6 Rce8 25. Bc2 Re6 26. Rb3 Bc5 27. Rxb7 Rxe5 28.
fxe5 Be6 29. Qg3 1-0

[Event "Late-Titled-Tuesday-Blitz-May-28-2024"]
[Site "Chess.com"]
[Date "2024.05.28"]
[Round "7"]
[White "ploxoi"]
[Black "N_I_Chess"]
[Result "1-0"]
[WhiteElo "2419"]
[BlackElo "2258"]
[TimeControl "180+1"]
[EndTime "15:16:57 PDT"]
[Termination "ploxoi won on time"]

1. d4 Nf6 2. c4 e6 3. g3 d5 4. Bg2 Nc6 5. Nf3 dxc4 6. O-O Bd6 7. Nbd2 c3 8. bxc3 e5 9. Nc4 e4 10. Ng5 Qe7 11. Nxd6+ cxd6 12. Ba3 O-O 13. e3 h6 14. Nh3 Bg4 15. Qc2 g5 16. Kh1 Rfc8 17.
Ng1 Qe6 18. Qb3 Qxb3 19. axb3 d5 20. Rfc1 b5 21. Bc5 a5 22. c4 dxc4 23. bxc4 b4 24. d5 Ne5 25. Bd4 Nfd7 26. c5 Nd3 27. Rc4 Nb6 28.
Rc2 b3 29. Rd2 1-0

[Event "Late-Titled-Tuesday-Blitz-May-28-2024"]
[Site "Chess.com"]
[Date "2024.05.28"]
[Round "7"]
[White "Eloist"]
[Black "glucolisis04"]
[Result "1-0"]
[WhiteElo "2448"]
[BlackElo "2275"]
[TimeControl "180+1"]
[EndTime "15:17:01 PDT"]
[Termination "Eloist won by resignation"]

1. e4 c5 2. Nf3 Nc6 3. Bb5 Nf6 4. Bxc6 dxc6 5. d3 Nd7 6. e5 Qc7 7. Qe2 e6 8. Bg5 b5 9. c4 a5 10. Nc3 Ba6 11. a4 bxc4 12. dxc4 Rb8 13. O-O Rb4 14. b3 Rxb3 15. Rac1 Rb4 16. Ne4 Nxe5 17. Bf4 Nxf3+ 18. Qxf3 Qd8 19. Rfd1 Qc8 20. Nd6+ Bxd6 21. Bxd6 Rxc4 22. Qg3 Rxc1 23. Rxc1 g6 24. Qe5 Rg8 25. Bxc5 Qd7 26. Qb8+ Qd8 27. Qa7 Bd3 28. Rd1 Qd7 29. Qxd7+ Kxd7 30. Rxd3+ Kc7 31. Kf1 Rb8 32. Bd6+ 1-0

[Event "Late-Titled-Tuesday-Blitz-May-28-2024"]
[Site "Chess.com"]
[Date "2024.05.28"]
[Round "7"]
[White "NikitaShnadrygin"]
[Black "TheDiscoOne"]
[Result "1-0"]
[WhiteElo "2725"]
[BlackElo "2514"]
[TimeControl "180+1"]
[EndTime "15:17:03 PDT"]
[Termination "NikitaShnadrygin won by checkmate"]

1. Nf3 d5 2. g3 Nf6 3. Bg2 e6 4.
O-O Be7 5. d4 O-O 6. b3 b6 7.
Bb2 Bb7 8. Nbd2 c5 9. e3 cxd4 10. exd4 Nc6 11. c4 Rc8 12. Ne5 Nxe5 13. dxe5 Nd7 14. cxd5 Bxd5 15. Bxd5 exd5 16. Nf3 Nc5 17. Nd4 Qd7 18. Qf3 Ne6 19. Nf5 Rfd8 20. Rad1 Bf8 21. Rd2 g6 22. Ne3 Bh6 23. Rxd5 Qe8 24. Ng4 Bg7 25.
Rfd1 Rxd5 26. Qxd5 Rd8 27. Qf3 Rxd1+ 28. Qxd1 h5 29. Ne3 Nc5 30. Qd5 Qe7 31. Nc4 h4 32. f4 hxg3 33. hxg3 Ne6 34. Nd6 Qc7 35. Qc4 Qxc4 36.
Nxc4 Nc5 37. Kg2 Kf8 38. Kf3 Ke7 39. Bd4 Ne6 40. Ke4 f5+ 41. exf6+ Bxf6 42. Bxf6+ Kxf6 43. Nd6 Nc5+ 44. Kd5 g5 45. Ne4+ Nxe4 46. Kxe4 gxf4 47. gxf4 b5 48. Kd5 Kf5 49. Kc5 Kxf4 50. Kxb5 Ke5 51. Ka6 Kd6 52. Kxa7 Kc7 53. Ka6 Kb8 54. b4 Ka8 55. b5 Kb8 56. b6 Ka8 57. a4 Kb8 58. a5 Ka8 59. Kb5 Kb8 60. a6 Ka8 61. Kc6 Kb8 62.
Kd6 Ka8 63. b7+ Ka7 64. Kc7 Kxa6 65. b8=Q Ka5 66. Qb7 Ka4 67. Qb6 Ka3 68. Qb5 Ka2 69. Qb4 Ka1 70. Kc6 Ka2 71. Kc5 Ka1 72. Kc4 Ka2 73. Kc3 Ka1 74. Qb2# 1-0

[Event "Late-Titled-Tuesday-Blitz-May-28-2024"]
[Site "Chess.com"]
[Date "2024.05.28"]
[Round "7"]
[White "Love7Unicorn"]
[Black "Viktor_Poddubnyi"]
[Result "1-0"]
[WhiteElo "2536"]
[BlackElo "2329"]
[TimeControl "180+1"]
[EndTime "15:17:04 PDT"]
[Termination "Love7Unicorn won by checkmate"]

1. d4 g6 2. c4 Bg7 3. e4 Nc6 4. Be3 e5 5. Ne2 exd4 6. Nxd4 Qf6 7. Nxc6 dxc6 8. Nc3 Qe7 9. Bd3 Be6 10. Qb3 O-O-O 11.
O-O-O a6 12. Na4 Bh6 13. f4 b5 14. Nc5 Bxf4 15. Bxf4 Qxc5 16. Qc3 Ne7 17. Kb1 f5 18. Qa5 Qb6 19. Qc3 fxe4 20. Bxe4 Bf5 21. Bxf5+ Nxf5 22. c5 b4 23. Qe5 Qb5 24. Qxc7# 1-0

[Event "Late-Titled-Tuesday-Blitz-May-28-2024"]
[Site "Chess.com"]
[Date "2024.05.28"]
[Round "7"]
[White "egnfanclub"]
[Black "crazycheesecake"]
[Result "1-0"]
[WhiteElo "2325"]
[BlackElo "2135"]
[TimeControl "180+1"]
[EndTime "15:17:04 PDT"]
[Termination "egnfanclub won by checkmate"]

1. e4 e5 2. Nf3 Nc6 3. Nc3 Nf6 4. d4 exd4 5. Nd5 Be7 6. Bd3 O-O 7. O-O Nxd5 8. exd5 Nb4 9. Bc4 c6 10. Nxd4 Nxd5 11. Bxd5 cxd5 12. Nf5 Bf6 13. Qxd5 Re8 14. Nd6 Re5 15. Qxf7+ Kh8 16. Bf4 Re7 17. Qb3 Qf8 18.
Bg3 b6 19. Rfe1 Rxe1+ 20. Rxe1 Ba6 21. Nf7+ Kg8 22. Nd6+ Kh8 23. Qa4 Bc8 24. Re8 Ba6 25. Rxf8+ Rxf8 26. Qxa6 Bxb2 27. Qb5 Bf6 28. Qxd7 Kg8 29.
Qe6+ Kh8 30. Nf7+ Kg8 31. Nh6+ Kh8 32. Qg8+ Rxg8 33. Nf7# 1-0

[Event "Late-Titled-Tuesday-Blitz-May-28-2024"]
[Site "Chess.com"]
[Date "2024.05.28"]
[Round "7"]
[White "K_A_S_T_O_R"]
[Black "slidingknight2775"]
[Result "1-0"]
[WhiteElo "2856"]
[BlackElo "2630"]
[TimeControl "180+1"]
[EndTime "15:17:05 PDT"]
[Termination "K_A_S_T_O_R won by resignation"]

1. e4 c5 2. Nf3 d6 3. d4 cxd4 4.
Nxd4 Nf6 5. Nc3 a6 6. Bg5 Nbd7 7.
Bc4 Qb6 8. Bb3 e6 9. Bxf6 Nxf6 10. Qd2 Be7 11. O-O-O Qc7 12. f4 O-O 13. g4 b5 14.
a3 Bb7 15. Rhe1 Nd7 16. g5 Nc5 17. Kb1 Rab8 18. f5 e5 19. Nf3 a5 20. f6 Bd8 21.
fxg7 Kxg7 22. Nd5 Bxd5 23. Qxd5 a4 24. Ba2 b4 25. axb4 Rxb4 26. c3 Rb6 27. Nh4 Qb8 28.
Nf5+ Kh8 29. Re2 a3 30. b4 Rxb4+ 31. Ka1 Rb2 32. Rde1 Rxe2 33. Rxe2 Qa7 34. Nxd6 Qa5 35. Qc4 Qc7 36. Nxf7+ Kg7 37. Nh6 Re8 38. Nf5+ Kh8 39.
Rd2 Rf8 40. h4 Be7 41. Rd1 Ne6 42. Qxc7 Nxc7 43. Nxe7 Nb5 44. Nf5 Nxc3 45. Rc1 Nxe4 46. Nh6 Ng3 47. Nf7+ Kg7 48. Nxe5 Nf5 49. Rc7+ Kh8 50.
Bb1 a2 51. Bxf5 Rxf5 52. Nf7+ Kg8 53. Nh6+ Kh8 54. Nxf5 1-0

[Event "Late-Titled-Tuesday-Blitz-May-28-2024"]
[Site "Chess.com"]
[Date "2024.05.28"]
[Round "7"]
[White "GMTalks_Youtube"]
[Black "manitodeplomo"]
[Result "0-1"]
[WhiteElo "2746"]
[BlackElo "2537"]
[TimeControl "180+1"]
[EndTime "15:17:10 PDT"]
[Termination "manitodeplomo won by resignation"]

1. e4 c5 2. Nf3 e6 3. d3 b6 4. g3 Bb7 5. Bg2 d6 6. O-O Nd7 7. Nc3 Ngf6 8. Ng5 h6 9. Nh3 Be7 10.
f4 e5 11. a4 a6 12. f5 Bc6 13.
g4 b5 14. Nf2 bxa4 15. Nxa4 a5 16. Nc3 a4 17. Nd5 Bxd5 18. exd5 Qa5 19. c3 O-O 20. g5 hxg5 21. Bxg5 Rfb8 22. Bc1 Qb5 23. Ra3 c4 24. dxc4 Qxc4 25. Re1 Nc5 26. Qe2 Qh4 27. c4 Rb3 28. Be3 Nfd7 29. Rxb3 axb3 30. Rf1 Ra2 31. Bc1 Bg5 32. Bxg5 Qxg5 33. Kh1 Qxf5 34. Bh3 Qc2 0-1

[Event "Late-Titled-Tuesday-Blitz-May-28-2024"]
[Site "Chess.com"]
[Date "2024.05.28"]
[Round "7"]
[White "Polish_fighter3000"]
[Black "DeTimmerman"]
[Result "1-0"]
[WhiteElo "3110"]
[BlackElo "2748"]
[TimeControl "180+1"]
[EndTime "15:17:13 PDT"]
[Termination "Polish_fighter3000 won by resignation"]

1. b4 e5 2. Bb2 Bxb4 3. Bxe5 Nf6 4. e3 Nc6 5. Bb2 d5 6. Nf3 O-O 7. h3 Re8 8. Be2 h6 9. a3 Ba5 10. Kf1 Bb6 11. Bxf6 Qxf6 12. d4 Ne7 13. a4 c6 14.
Nbd2 Nf5 15. Kg1 Bc7 16. Bd3 Bd7 17. Rb1 Rab8 18. g4 Nh4 19. Nxh4 Qxh4 20. Nf3 Qf6 21. Kf1 c5 22. Bb5 Bxb5+ 23. Rxb5 Qa6 24. Kg2 b6 25.
c3 cxd4 26. cxd4 Red8 27. Qb3 Rbc8 28. Rxd5 Rxd5 29. Qxd5 Qxa4 30. Qb7 1-0

[Event "Late-Titled-Tuesday-Blitz-May-28-2024"]
[Site "Chess.com"]
[Date "2024.05.28"]
[Round "7"]
[White "amintabatabaei"]
[Black "temus_galaktionov"]
[Result "1-0"]
[WhiteElo "3051"]
[BlackElo "2880"]
[TimeControl "180+1"]
[EndTime "15:17:19 PDT"]
[Termination "amintabatabaei won by resignation"]

1. d4 c6 2. Bf4 d6 3. e3 g6 4. Nd2 Bg7 5. Ngf3 Nd7 6. h3 Ngf6 7. Be2 O-O 8. O-O Re8 9. e4 e5 10.
dxe5 dxe5 11. Be3 Qe7 12. Bc4 Nc5 13. Ng5 Ne6 14. Nxe6 Bxe6 15. Qe2 Red8 16. Rfd1 Nh5 17. Bxe6 Qxe6 18. a4 Nf4 19. Qc4 Qd7 20. Re1 Ne6 21.
c3 b5 22. Qb3 a5 23. Nf3 Rdb8 24. Red1 Qc7 25. Rd2 h6 26. Rad1 bxa4 27. Qxa4 Qc8 28.
Qa2 Qb7 29. Rd7 Qxb2 30. Rd8+ Nxd8 31. Rxd8+ Rxd8 32. Qxb2 a4 33. Bc5 Bf8 34. Bxf8 Rxf8 35. Qa3 Rfb8 36. Nxe5 Re8 37. Nxc6 Rxe4 38. g3 Rc4 39.
Ne7+ Kg7 40. Nd5 Ra6 41. Kg2 Ra5 42. Qd6 Ra7 43. Qf6+ Kg8 44. Ne7+ Kf8 45. Nxg6+ Ke8 46. Qh8+ 1-0

[Event "Late-Titled-Tuesday-Blitz-May-28-2024"]
[Site "Chess.com"]
[Date "2024.05.28"]
[Round "7"]
[White "AldokhinIvan"]
[Black "stollenmonster"]
[Result "1-0"]
[WhiteElo "2648"]
[BlackElo "2834"]
[TimeControl "180+1"]
[EndTime "15:17:20 PDT"]
[Termination "AldokhinIvan won by resignation"]

1. e4 c5 2. Nf3 Nf6 3. Nc3 d5 4. exd5 Nxd5 5. Bb5+ Bd7 6. Ne5 e6 7. Nxd7 Nxd7 8. Nxd5 exd5 9. O-O a6 10. Re1+ Be7 11. Be2 O-O 12. Bf3 Nf6 13. d4 c4 14. Bg5 Qd7 15.
Re5 Rfe8 16. Bxf6 Bxf6 17. Rxd5 Qe7 18. c3 b5 19. g3 Rab8 20. a3 g6 21. h4 Bg7 22. h5 Rb6 23. Qf1 Re6 24. a4 Qf6 25. Kg2 Rb6 26. axb5 axb5 27. Ra5 Reb8 28. Ra7 Bh6 29.
Rdd7 Rf8 30. Bd5 Qg5 31. hxg6 hxg6 32. Bxf7+ Rxf7 33. Rxf7 Re6 34. Qd1 b4 35. Qf3 Re8 36. Rg7+ 1-0

[Event "Late-Titled-Tuesday-Blitz-May-28-2024"]
[Site "Chess.com"]
[Date "2024.05.28"]
[Round "7"]
[White "TigrVShlyape"]
[Black "Goryachkina"]
[Result "1-0"]
[WhiteElo "2914"]
[BlackElo "2719"]
[TimeControl "180+1"]
[EndTime "15:17:21 PDT"]
[Termination "TigrVShlyape won by resignation"]

1. d4 d5 2. Bf4 c5 3. e3 Nc6 4. c3 Nf6 5. Nd2 Bf5 6. Ngf3 e6 7. Bb5 Nd7 8. Qa4 Qc8 9. O-O Be7 10. Rfe1 O-O 11. Rac1 a6 12. Bf1 Bg6 13. h3 b5 14.
Qd1 Qb7 15. g4 c4 16. Bg2 b4 17. e4 Rfe8 18. h4 Bxe4 19. Nxe4 dxe4 20. Rxe4 Nf6 21. Re1 Nxg4 22. d5 exd5 23. Qxd5 Qb5 24. Ng5 Bxg5 25.
hxg5 Qb6 26. Bg3 Rec8 27. Bh3 h5 28. gxh6 Nxh6 29. Bxc8 Rxc8 30. Re4 Qb5 31. Rd1 Qxd5 32. Rxd5 bxc3 33. bxc3 Na7 34. a4 Rf8 35. Rxc4 f5 36.
Rc7 Nc8 37. Rdd7 Nf7 38. Rxf7 Rxf7 39. Rxc8+ Kh7 40. Be5 Re7 41. f4 1-0

[Event "Late-Titled-Tuesday-Blitz-May-28-2024"]
[Site "Chess.com"]
[Date "2024.05.28"]
[Round "7"]
[White "Maikrosoft63"]
[Black "MaiqMaster"]
[Result "0-1"]
[WhiteElo "2583"]
[BlackElo "2471"]
[TimeControl "180+1"]
[EndTime "15:17:21 PDT"]
[Termination "MaiqMaster won by resignation"]

1. e4 c5 2. Nf3 e6 3. b3 b6 4. Bb2 Bb7 5. Nc3 a6 6. Qe2 Nc6 7. O-O-O b5 8. d4 cxd4 9. Nxd4 Nxd4 10. Rxd4 Bc5 11. Rd1 Rc8 12. f4 Qa5 13. e5 Ba3 14.
Ne4 Bxe4 15. Qxe4 Bxb2+ 16. Kxb2 Qc3+ 17. Kb1 Ne7 18. Bd3 Nd5 19. Qe1 Qc5 20. Be4 Nc3+ 21. Kb2 Nxd1+ 22. Qxd1 Qc3+ 23. Kb1 O-O 24. h4 Qe3 25.
Qf3 Qxf3 26. Bxf3 Rc7 27. Rd1 f6 28. Rd6 fxe5 29. fxe5 Rf5 30. Rxa6 Rxe5 31. a4 bxa4 32. Rxa4 g5 33. Rg4 h6 34. Kb2 Kg7 35. b4 Kf6 36. hxg5+ hxg5 37. Rd4 d5 38. b5 Rf5 39. b6 Rb7 40. Rb4 Rf4 41. Rb3 g4 42. Be2 Kg5 43. Ba6 Rb8 44. b7 Rf2 45. g3 Rf3 46. Rb6 Kf6 47. Rc6 Ke5 48. Rc8 Rf8 49. Ka3 Ke4 50. Ka4 Kf3 51. Ka5 Kxg3 52. Rxf8 Rxf8 53. Kb6 Kf2 54.
Bb5 g3 55. Bd7 Rb8 0-1

[Event "Late-Titled-Tuesday-Blitz-May-28-2024"]
[Site "Chess.com"]
[Date "2024.05.28"]
[Round "7"]
[White "shirovin"]
[Black "WindWhistler11"]
[Result "0-1"]
[WhiteElo "2124"]
[BlackElo "2527"]
[TimeControl "180+1"]
[EndTime "15:17:24 PDT"]
[Termination "WindWhistler11 won on time"]

1. e4 e6 2. d3 d5 3. Nd2 Nf6 4. Ngf3 g6 5. g3 Bg7 6. Bg2 O-O 7. O-O c5 8. Re1 Nc6 9. c3 b6 10. a4 a5 11. h4 Ba6 12. Nf1 Rc8 13. Qc2 dxe4 14.
dxe4 Bd3 15. Qd1 Bxe4 16. Qxd8 Rfxd8 17. Bg5 Bd3 18. Rad1 h6 19. Bf4 Nh5 20. Bc1 Bc2 21. Rd2 Bxa4 22. Rxd8+ Rxd8 23. Be3 Nf6 24. N1d2 Ng4 25.
b3 Bb5 26. c4 Ba6 27. Ne4 Rd3 28. Nfd2 Nd4 29. Bf1 Rxb3 30. Nxb3 Nxb3 31. Nd6 a4 32. Bd3 Ne5 33. Bb1 Nf3+ 34. Kf1 Nxe1 35. Kxe1 Be5 36. Nc8 Bxc8 37. Bc2 Ba6 38. f4 Bc3+ 39. Kf2 Bxc4 40.
g4 a3 0-1